 Dungeon Crawl Stone Soup version 0.16-b1 (webtiles) character file.

91 kae the Firebug (level 4, 0/24 HPs)
             Began as a Tengu Fire Elementalist on Mar 12, 2015.
             Slain by an adder (1 damage)
             ... summoned by a shadow trap
             ... triggered by an orc
             ... on level 3 of the Dungeon.
             The game lasted 00:02:45 (1926 turns).

kae the Firebug (Tengu Fire Elementalist)           Turns: 1926, Time: 00:02:45

Health: 0/24       AC:  2    Str:  8    XL:     4   Next: 57%
Magic:  1/9        EV: 12    Int: 22    God:
Gold:   71         SH:  0    Dex: 14    Spells: 1 memorised, 6 levels left

rFire  . . .     SeeInvis .     (no weapon)
rCold  . . .     Clarity  .     a - +0 robe
rNeg   . . .     SustAb   .     (no shield)
rPois  .         Gourm    .     (helmet restricted)
rElec  .         Spirit   .     (no cloak)
rCorr  .         Warding  .     (no gloves)
rMut   .         Stasis   .     (boots unavailable)
MR     .....                    (no amulet)
Stlth  ++........               (no ring)
                                (no ring)

@: brilliant, lethally poisoned (0 -> -4), not resistant to hostile
enchantments, unstealthy
A: beak, talons 3
a: no special abilities


You were on level 3 of the Dungeon.
You were not hungry.

You visited 1 branch of the dungeon, and saw 3 of its levels.

You collected 71 gold pieces.

Inventory:

Armour
 a - a +0 robe (worn)
Scrolls
 d - 5 scrolls of enchant armour {unknown}
 e - 4 scrolls of identify {unknown}
 i - a scroll of teleportation {unknown}
 k - 3 scrolls of remove curse {unknown}
 l - a scroll of recharging {unknown}
 m - a scroll of random uselessness {unknown}
Potions
 h - 2 potions of heal wounds
Books
 b - a book of Flames

   Spells                             Type                      Level
   a - Flame Tongue                   Conjuration/Fire             1
   b - Throw Flame                    Conjuration/Fire             2
   c - Conjure Flame                  Conjuration/Fire             3
   d - Inner Flame                    Hexes/Fire                   3
   e - Sticky Flame                   Conjuration/Fire             4
   f - Fireball                       Conjuration/Fire             5
Comestibles
 c - 3 bread rations
 f - a slice of pizza
 j - a meat ration


   Skills:
 - Level 2.1 Dodging
 - Level 2.0 Stealth
 + Level 2.4 Spellcasting
 * Level 3.6 Conjurations
 * Level 4.4 Fire Magic


You had 6 spell levels left.
You knew the following spells:

 Your Spells              Type           Power        Failure   Level  Hunger
a - Flame Tongue          Conj/Fire      ####.        1%          1    None


Dungeon Overview and Level Annotations

Branches:
Dungeon (3/15)

Altars:
Nemelex Xobeh

Annotations:
D:2 Ijyb, Robin


Innate Abilities, Weirdness & Mutations

You have a beak for a mouth.
You have claws for feet.


Message History

Aim: a quokka (summoned)
The flame tongue hits the quokka.
You kill the quokka!
The quokka's corpse disappears in a puff of smoke!
The adder barely misses you. The giant gecko completely misses you.
The adder bites you.
You are poisoned.
The adder poisons you!
You feel sick.
There is a stone staircase leading down here.
You feel sick. The adder bites you.
* * * LOW HITPOINT WARNING * * *
* * * LOW HITPOINT WARNING * * *
You feel sick.
The giant gecko bites you but does no damage.
The giant gecko bites you.
* * * LOW HITPOINT WARNING * * *
The adder bites you.
You die...

........).#...###
................##
.........#>......#
........#.......#
#####
.......#.......#
#...#
.......#....o..#
#.#.#
......#......l#.
#<#.#
.....#######S#.
#...# ##.. #@#.##
#...### # #.#...
#.....#
###.#..########)####
#...#..#.()†....#
#.###..#.########
#.# #.........#
#.####.####.#.####.#
#...........#.#
######.######.#


You could see an adder, an orc and a giant gecko.

Vanquished Creatures
  An orc wizard (D:3)
  3 gnolls (D:3)
  An ooze (D:1)
  3 orcs (D:3)
  3 hobgoblins (D:1)
  2 jackals (D:2)
  2 ball pythons
  7 bats
  A giant newt (D:2)
  6 goblins
  4 kobolds
  A quokka (D:3)
  6 rats
40 creatures vanquished.

Notes
Turn   | Place    | Note
--------------------------------------------------------------
     0 | D:1      | kae, the Tengu Fire Elementalist, began the quest for the Orb.
     0 | D:1      | Reached XP level 1. HP: 10/10 MP: 3/3
    11 | D:1      | Found a sparkling altar of Nemelex Xobeh.
   205 | D:1      | Reached XP level 2. HP: 1/15 MP: 0/5
  1164 | D:2      | Reached XP level 3. HP: 16/19 MP: 7/7
  1464 | D:2      | Noticed Robin
  1469 | D:2      | Noticed Ijyb
  1773 | D:3      | Reached skill level 4 in Fire Magic
  1805 | D:3      | Reached XP level 4. HP: 18/24 MP: 0/9
  1923 | D:3      | HP: 1/24 [giant gecko[an orc] (2)]
  1926 | D:3      | Slain by an adder

Action                   |  1- 3 |  4- 6 || total
-------------------------+-------+-------++-------
Melee: Unarmed           |    44 |       ||    44
 Cast: Flame Tongue      |    38 |    11 ||    49
  Use: Potion            |     2 |     1 ||     3
 Stab: Sleeping          |     2 |       ||     2
  Eat: Chunk             |     2 |       ||     2
       Pizza             |     1 |       ||     1
